 Dungeon Crawl Stone Soup version 0.23.2-33-g5129a83184 (webtiles) character file.

Game seed: 11583910326580929800

319 ANON1729 the Skirmisher (level 6, -10/49 HPs)
             Began as a Demonspawn Monk on Aug 11, 2019.
             Was a Believer of Okawaru.
             Mangled by a mummy (16 damage)
             ... in an ossuary.
             The game lasted 00:10:56 (6344 turns).

ANON1729 the Skirmisher (Demonspawn Monk)           Turns: 6344, Time: 00:10:57

Health: -10/49     AC:  8    Str: 12    XL:     6   Next: 21%
Magic:  6/6        EV: 18    Int: 13    God:    Okawaru [**....]
Gold:   284        SH:  0    Dex: 15    Spells: 5/5 levels left

rFire    + . .     SeeInvis .   a - +0 spear
rCold    + . .     Gourm    .   (no shield)
rNeg     . . .     Faith    .   b - +0 robe
rPois    .         Spirit   .   (no helmet)
rElec    .         Reflect  .   z - scarf {rC+ rF+}
rCorr    .         Harm     .   (no gloves)
MR       .....                  (no boots)
Stlth    +++++.....             (no amulet)
HPRegen  0.16/turn              (no ring)
MPRegen  0.10/turn              (no ring)

@: heroism, sanguine armour
A: nightstalker 1, sanguine armour 1
a: Heroism, Renounce Religion


You were in an ossuary.
You worshipped Okawaru.
Okawaru was pleased with you.
You were very hungry.

You visited 2 branches of the dungeon, and saw 6 of its levels.
You also visited: Ossuary.

You collected 284 gold pieces.

Inventory:

Hand Weapons
 a - a +0 spear (weapon)
 x - a +0 dagger
 y - a +0 dagger
Armour
 b - a +0 robe (worn)
 j - the +2 plate armour of the Big Bang {Str+3 SInv}
   (You found it on level 5 of the Dungeon)

   It affects your strength (+3).
   It lets you see invisible.
 z - a scarf of resistance (worn)
Jewellery
 q - an uncursed ring of protection from magic {unknown}
Wands
 r - a wand of random effects (16)
Scrolls
 d - 2 scrolls of fear
 f - a scroll of enchant weapon {unknown}
 g - 2 scrolls of identify {unknown}
 k - a scroll of enchant armour {unknown}
 l - 2 scrolls of magic mapping {unknown}
 m - 5 scrolls of remove curse {unknown}
 n - a scroll of random uselessness {unknown}
 p - a scroll of blinking {unknown}
 s - a scroll of amnesia {unknown}
 u - a scroll of fog {unknown}
Potions
 h - a potion of magic
 i - a potion of cancellation {unknown}
 o - a potion of invisibility {unknown}
 t - 2 potions of degeneration {unknown}
 v - a potion of flight {unknown}
 w - 3 potions of mutation {unknown}
Comestibles
 c - 7 rations


   Skills:
 + Level 4.3(9.3) Fighting
 + Level 3.9(8.9) Polearms
 + Level 3.9(8.9) Dodging
 + Level 3.5(8.5) Stealth
 + Level 0.2 Invocations


You had 5 spell levels left.
You didn't know any spells.
Your spell library contained the following spells:

 Spells                   Type           Power        Failure   Level  Hunger
 Animate Skeleton         Necr           N/A          30%         1    ##.....
 Apportation              Tloc           #.....       30%         1    ##.....
 Beastly Appendage        Tmut           #.....       30%         1    ##.....
 Confusing Touch          Hex            #.....       30%         1    ##.....
 Summon Small Mammal      Summ           #...         30%         1    ##.....
 Sticks to Snakes         Tmut           #.......     43%         2    ###....
 Spider Form              Tmut/Pois      #.........   67%         3    ####...
 Ice Form                 Ice/Tmut       #.......     97%         4    #####..
 Blade Hands              Tmut           #.........   100%        5    ######.


Dungeon Overview and Level Annotations

Branches:
Dungeon (5/15)             Temple (1/1) D:4

Altars:
Ashenzari
Cheibriados
Dithmenos
Elyvilon
Fedhas
Gozag
Hepliaklqana
Kikubaaqudgha
Makhleb
Nemelex Xobeh
Okawaru
Qazlal
Sif Muna
Trog
Uskayaw
Vehumet
Wu Jian
Xom
Yredelemnul
Zin
The Shining One

Annotations:
D:4 Dowan
D:5 Pikel


Innate Abilities, Weirdness & Mutations

You are slightly more attuned to the shadows.
When seriously injured, your bleeding wounds create armour. (AC +6)


Message History

You are too injured to fight recklessly!
Unknown command.
You gain the combat prowess of a mighty hero.
The mummy hits you!
* * * LOW HITPOINT WARNING * * *
The kobold zombie closely misses you. The mummy closely misses you.
You hit the mummy.
You destroy the mummy!
Okawaru accepts your kill.
You hit the mummy but do no damage. The kobold zombie barely misses you.
The mummy hits you!
* * * LOW HITPOINT WARNING * * *
Okay, then.
You feel better. The mummy closely misses you.
The kobold zombie completely misses you.
It was a potion of magic.
Magic courses through your body. The kobold zombie hits you.
* * * LOW HITPOINT WARNING * * *
The mummy hits you!
You die...

#......#
#...M#
#....#
#....#
#....#
#....#
#....#
#..ZM#
#..M@#
#.∩Z.#
######


You could see 2 mummies and 2 kobold zombies.

Vanquished Creatures
  A slave (D:5)
  A bullfrog zombie (D:5)
  An orc priest (D:3)
  An iguana (D:4)
  2 mummies (Ossuary)
  3 adders
  10 gnolls
  An ooze (D:3)
  A dart slug (D:1)
  A leopard gecko (D:1)
  9 orcs
  A giant cockroach (D:2)
  2 gnoll zombies (Ossuary)
  4 goblins
  6 hobgoblins
  3 jackals (D:5)
  6 kobolds
  A quokka (D:2)
  8 bats
  5 frilled lizards
  3 hobgoblin zombies (Ossuary)
  A quokka skeleton (D:4)
  11 rats
82 creatures vanquished.

Notes
Turn   | Place    | Note
-------+----------+-------------------------------------------
     0 | D:1      | ANON1729 the Demonspawn Monk began the quest for the Orb.
     0 | D:1      | Reached XP level 1. HP: 18/18 MP: 1/1
    72 | D:1      | Gained mutation: When seriously injured, your bleeding
                  | wounds create armour. (AC +6) [demonic ancestry]
    72 | D:1      | Reached XP level 2. HP: 12/24 MP: 2/2
   969 | D:2      | Gained mutation: You are slightly more attuned to the
                  | shadows. [demonic ancestry]
   969 | D:2      | Reached XP level 3. HP: 18/29 MP: 3/3
  1820 | D:2      | Reached XP level 4. HP: 14/36 MP: 4/4
  2803 | D:3      | Reached XP level 5. HP: 26/42 MP: 5/5
  3490 | D:2      | Reached skill level 4 in Fighting
  3874 | D:4      | Found a staircase to the Ecumenical Temple.
  3955 | Temple   | Entered the Ecumenical Temple
  4070 | Temple   | Became a worshipper of Warmaster Okawaru
  4070 | Temple   | Reached * piety under Okawaru
  4070 | Temple   | Reached ** piety under Okawaru
  4324 | D:4      | Noticed Dowan
  4803 | D:4      | Noticed a phantom
  5509 | D:5      | Entered Level 5 of the Dungeon
  5636 | D:5      | Noticed a slave
  5636 | D:5      | Noticed a slave
  5636 | D:5      | Noticed a slave
  5637 | D:5      | Noticed Pikel
  5681 | D:5      | Reached XP level 6. HP: 27/48 MP: 6/6
  5701 | D:5      | Noticed a slave
  5729 | D:5      | Killed a slave
  5857 | D:5      | Got a twisted plate armour
  5868 | D:5      | Identified the +2 plate armour of the Big Bang {Str+3 SInv}
                  | (You found it on level 5 of the Dungeon)
  6064 | D:5      | Found a sand-covered staircase.
  6074 | Ossuary  | Entered an ossuary
  6344 | Ossuary  | Mangled by a mummy

Skill      XL: |  1  2  3  4  5 |
---------------+----------------+-----
Stealth        | 2 3 |  3.5
Polearms       | 3 |  3.9
Dodging        | 3 |  3.9
Fighting       | 4 |  4.3
Invocations    | |  0.2

Action                   |  1- 3 |  4- 6 || total
-------------------------+-------+-------++-------
Melee: Spear             |   159 |   325 ||   484
Invok: Heroism           |       |     2 ||     2
Evoke: Wand              |       |     3 ||     3
  Use: Potion            |       |     3 ||     3
       Scroll            |       |     3 ||     3
 Stab: Sleeping          |    10 |     7 ||    17
       Distracted        |     2 |     2 ||     4
       Paralysed         |       |    10 ||    10
  Eat: Chunk             |     3 |    10 ||    13
       Ration            |       |     1 ||     1
Armor: Robe              |    19 |    47 ||    66
Dodge: Dodged            |    79 |   230 ||   309
